 Dungeon Crawl Stone Soup version 0.21-a0-142-gdd972a7 (webtiles) character file.

40 LlamaFarmer the Sneak (level 3, 0/16 HPs)
             Began as a Spriggan Enchanter on July 23, 2017.
             Succumbed to an adder's poison
             ... on level 2 of the Dungeon.
             The game lasted 00:05:15 (1764 turns).

LlamaFarmer the Sneak (Spriggan Enchanter)          Turns: 1764, Time: 00:05:15

Health: 0/16       AC:  3    Str:  4    XL:     3   Next: 30%
Magic:  4/8        EV: 18    Int: 17    God:
Gold:   54         SH:  0    Dex: 16    Spells: 4/7 levels left

rFire    + . .     SeeInvis +   a - +1 dagger
rCold    + . .     Gourm    .   (shield restricted)
rNeg     . . .     Faith    .   b - +1 robe
rPois    +         Spirit   .   (helmet restricted)
rElec    +         Reflect  .   (no cloak)
rCorr    +         Harm     .   (gloves unavailable)
MR       .....                  (boots unavailable)
Stlth    +++.......             (no amulet)
HPRegen  0.05/turn              (no ring)
MPRegen  0.11/turn              (no ring)

@: lethally poisoned (0 -> -8), resistant, very slightly contaminated, very
quick
A: unfitting armour, see invisible, herbivore 3, speed 3, slow metabolism 2
a: no special abilities


You were on level 2 of the Dungeon.
You were not hungry.

You visited 1 branch of the dungeon, and saw 2 of its levels.

You collected 54 gold pieces.

Inventory:

Hand Weapons
 a - a +1 dagger (weapon)
Missiles
 h - 38 stones (quivered)
Armour
 b - a +1 robe (worn)
Books
 c - a book of Maledictions

   Spells                             Type                      Level
   a - Corona                         Hexes                        1
   b - Ensorcelled Hibernation        Hexes/Ice                    2
   c - Confuse                        Hexes                        3
   d - Tukima's Dance                 Hexes                        3
   e - Dazzling Spray                 Conjuration/Hexes            3
Comestibles
 d - 2 bread rations
 f - 2 royal jellies


   Skills:
 + Level 2.9 Short Blades
 - Level 3.0 Dodging
 + Level 5.4 Stealth
 - Level 2.6 Spellcasting
 - Level 3.6 Hexes


You had 4 spell levels left.
You knew the following spells:

 Your Spells              Type           Power        Failure   Level  Hunger
a - Corona                Hex            ##.....      4%          1    #......
b - Ensorcelled Hibernat  Hex/Ice        #.....       13%         2    ##.....


Dungeon Overview and Level Annotations

Branches:
Dungeon (2/15)

Altars:


Innate Abilities, Weirdness & Mutations

You are very small and have problems with some larger weapons.
You are too small for most types of armour.
You have supernaturally acute eyesight. (SInv)
You are a herbivore.
You cover ground extremely quickly.
You need consume almost no food.


Message History

Confirm with . or Enter, or press ? or * to list all spells.
Aiming: Ensorcelled Hibernation
Press: ? - help, Shift-Dir - straight line, f/p - adder
Aim: an adder (chance to defeat MR: 49%)
The adder resists with some effort.
The adder bites you.
You are lethally poisoned!
The adder poisons you!
Casting: Ensorcelled Hibernation
Confirm with . or Enter, or press ? or * to list all spells.
Aiming: Ensorcelled Hibernation
Press: ? - help, Shift-Dir - straight line, f/p - adder
Aim: an adder (chance to defeat MR: 49%)
The adder resists with some effort.
* * * LOW HITPOINT WARNING * * *
You feel sick. The adder bites you but does no damage.
You miss the adder. The adder bites you.
* * * LOW HITPOINT WARNING * * *
Unknown command.
You miss the adder.
You die...

#.##.########.......###
#.......#.# #.......#.#
#..)....#.# #.......#.#
############.####.#
.#.###.................#
...................###.#
#S@.....#####.# #.#
#.#.##..# #.# #.#
#.#.##..# #<###.#
........# #.....#
##.#.###)#####.####.
#.#...........# #.
#.############# #. ##
###. ##...


You could see an adder.

Vanquished Creatures
  An adder (D:2)
  A worm (D:2)
  A dart slug (D:1)
  2 ball pythons (D:2)
  2 giant cockroaches
  3 goblins
  2 hobgoblins
  7 kobolds
  2 bats (D:1)
  2 frilled lizards
  3 rats (D:2)
26 creatures vanquished.

Notes
Turn   | Place    | Note
-------+----------+-------------------------------------------
     0 | D:1      | LlamaFarmer the Spriggan Enchanter began the quest for the Orb.
     0 | D:1      | Reached XP level 1. HP: 9/9 MP: 5/5
   404 | D:1      | Reached XP level 2. HP: 13/13 MP: 3/6
   436 | D:1      | Learned a level 2 spell: Ensorcelled Hibernation
  1132 | D:2      | Reached skill level 5 in Stealth
  1378 | D:2      | Reached XP level 3. HP: 15/16 MP: 6/8
  1764 | D:2      | Succumbed to an adder's poison

Vault maps used:
D:1:      ncdulo_halloftheorcs, serial_corexii_hall, corexii_hall_statues_i,
          corexii_hall_statues_deadend
D:2:      minmay_pentomino_t2

Skill      XL: |  1  2 |
---------------+-------+-----
Short Blades   | 2 |  2.9
Stealth        | 5 |  5.4
Dodging        | |  3.0
Spellcasting   | |  2.6
Hexes          | |  3.6

Action                   || total
-------------------------++-------
Melee: Dagger            ||    79
Throw: Stone             ||     2
 Cast: Corona            ||    11
       Ensorcelled Hiber ||    17
  Use: Scroll            ||     2
       Potion            ||     2
 Stab: Sleeping          ||    15
Armor: Robe              ||     8
Dodge: Dodged            ||    65
